 Dungeon Crawl Stone Soup version 0.28.0-53-g5a82cb258f (webtiles) character file.

Game seed: 13629036369782120946

190 protoss039 the Digger (level 5, 40/40 HPs)
             Began as a Demonspawn Earth Elementalist on June 7, 2022.
             Got out of the dungeon alive.
             The game lasted 00:04:29 (3041 turns).

protoss039 the Digger (DsEE)                        Turns: 3041, Time: 00:04:30

Health: 40/40      AC:  6    Str:  8    XL:     5   Next: 41%
Magic:  18/18      EV: 11    Int: 19    God:
Gold:   70         SH:  0    Dex: 13    Spells: 3/9 levels left

rFire   . . .      SeeInvis +   t - +6 long sword of Equivalence {vorpal, rCorr MP+9 SInv}
rCold   . . .      Faith    .   (no shield)
rNeg    . . .      Spirit   .   l - +0 leather armour
rPois   .          Reflect  .   (helmet restricted)
rElec   .          Harm     .   d - +2 cloak
rCorr   +          Rampage  .   (no gloves)
Will    .....                   (no boots)
Stlth   ++........              r - amulet of regeneration
HPRegen 0.93/turn               g - ring of resist corrosion
MPRegen 0.32/turn               (no ring)

@: no status effects
A: antennae 1, magic regeneration
a: no special abilities


You escaped.
You visited 1 branch of the dungeon, and saw 3 of its levels.

You collected 70 gold pieces.

Inventory:

Hand Weapons
 t - the +6 long sword of Equivalence (weapon) {vorpal, rCorr MP+9 SInv}
   (You found it on level 3 of the Dungeon)

   It inflicts extra damage upon your enemies.
   MP:        It affects your magic capacity (+9).
   SInv:      It lets you see invisible.
   rCorr:     It protects you from acid and corrosion.
Missiles
 c - 27 stones
Armour
 d - a +2 cloak (worn)
 l - a +0 leather armour (worn)
Jewellery
 g - a ring of resist corrosion (left hand)
 n - an amulet of reflection
 r - an amulet of regeneration (around neck)
Wands
 m - a wand of mindburst (17)
Scrolls
 a - a scroll of teleportation {unknown}
 e - a scroll of identify {unknown}
 f - a scroll of amnesia {unknown}
 j - a scroll of fog {unknown}
 p - a scroll of fear {unknown}
Potions
 h - a potion of mutation {unknown}
 i - a potion of flight {unknown}
 k - a potion of heal wounds {unknown}
 o - a potion of ambrosia {unknown}
 q - a potion of magic {unknown}


   Skills:
 * Level 2.8 Fighting
 + Level 1.5 Armour
 - Level 1.7 Dodging
 - Level 1.7 Stealth
 + Level 2.7 Spellcasting
 * Level 2.0 Conjurations
 - Level 1.0 Transmutations
 + Level 3.3 Earth Magic


You had 3 spell levels left.
You knew the following spells:

 Your Spells              Type           Power      Damage    Failure   Level
a - Sandblast             Erth           30%        2d9       5%          1
b - Passwall              Tmut/Erth      8%         N/A       14%         2
c - Stone Arrow           Conj/Erth      24%        3d8       22%         3

Your spell library contained the following spells:

 Spells                   Type           Power      Damage    Failure   Level
 Petrify                  Tmut/Erth      10%        N/A       65%         4


Dungeon Overview and Level Annotations

Branches:
Dungeon (3/15)

Altars:


Innate Abilities, Weirdness & Mutations

You have a pair of small antennae on your head.
You regenerate magic rapidly.


Message History

You see here the +6 long sword of Equivalence {vorpal, rCorr MP+9 SInv}.
t - the +6 long sword of Equivalence {vorpal, rCorr MP+9 SInv}
t - the +6 long sword of Equivalence (weapon)
{vorpal, rCorr MP+9 SInv} Unknown command.
Unknown command.
You drop a +0 spear.
You drop a +0 helmet.
You start removing your amulet.
You continue taking off your amulet of reflection. x4
You finish taking off your amulet of reflection.
You start putting on your amulet.
You continue putting on your amulet of regeneration. x5
You finish putting on your amulet of regeneration.
The amulet throbs as it attunes itself to your uninjured body.
r - an amulet of regeneration (around neck) Unknown command.
Unknown command.
There is an open door here.
There is a stone staircase leading up here.
You climb upwards.
There is a stone staircase leading down here.
Magic restored.
You see here 11 sling bullets.
There is an escape hatch in the ceiling here.
A mysterious force pulls you upwards. The hatch slams shut behind you.
You open the door.
There is an open door here.
There is a staircase leading out of the dungeon here.
Press: ? - help, v - describe, . - travel A staircase leading out of the dungeon.
Search for what [Enter for "dung", or ? for help]? out Can't find anything matching that.
Search for what [Enter for "out", or ? for help]? dung Can't find anything matching that.
Press: ? - help, v - describe, . - travel A staircase leading out of the dungeon.
Search for what [Enter for "dung", or ? for help]? stair Can't find anything matching that.
Are you sure you want to leave the Dungeon?
This will make you lose the game!
You have escaped!

#.#
####################.############
.................................
...............#####.###########.
###.###..............# #####. #)#
########.#############.....
#.##########.###P#P#P#P#P#.###.
#.........##.#.............###.
#...#####.##.#@..PP............
#...# #.##.#.............###.
#...#####.##.###P#P#P#P#P#.....
#...#.....##...############'##.
#...#.....####.................
#...#.....# #######...........
#...#.....# #...........
#...#.....# #...........
#...#####.##########...........


There were no monsters in sight!

Vanquished Creatures
  A black bear (D:3)
  Jessica (D:2)
  2 adders (D:2)
  A dart slug (D:2)
  5 ball pythons
  6 endoplasms
  3 giant cockroaches
  6 goblins
  6 hobgoblins
  2 jackals (D:1)
  7 kobolds
  A quokka (D:3)
  3 frilled lizards
  6 rats
50 creatures vanquished.

Notes
Turn   | Place    | Note
-------+----------+-------------------------------------------
     0 | D:1      | protoss039 the Demonspawn Earth Elementalist began the
                  | quest for the Orb.
     0 | D:1      | Reached XP level 1. HP: 13/13 MP: 3/3
   135 | D:1      | Reached skill level 1 in Transmutations
   394 | D:1      | Gained mutation: You regenerate magic rapidly. [demonic
                  | ancestry]
   394 | D:1      | Reached XP level 2. HP: 11/20 MP: 1/5
   404 | D:1      | Reached skill level 1 in Fighting
   864 | D:1      | Found a faded altar of an unknown god.
  1203 | D:1      | Reached XP level 3. HP: 26/26 MP: 6/6
  1695 | D:1      | Learned a level 2 spell: Passwall
  1746 | D:1      | Learned a level 3 spell: Stone Arrow
  1747 | D:2      | Noticed Jessica
  1752 | D:2      | Killed Jessica
  1753 | D:2      | Reached skill level 1 in Armour
  1753 | D:2      | Reached skill level 3 in Earth Magic
  2178 | D:2      | Reached XP level 4. HP: 26/33 MP: 5/7
  2271 | D:2      | Reached skill level 1 in Conjurations
  2784 | D:3      | Noticed a black bear
  2792 | D:3      | Killed a black bear
  2793 | D:3      | Gained mutation: You have a pair of small antennae on your
                  | head. [demonic ancestry]
  2793 | D:3      | Reached XP level 5. HP: 34/40 MP: 0/9
  2942 | D:3      | Identified the +6 long sword of Equivalence {vorpal, rCorr
                  | MP+9 SInv}
  3041 | D:$      | Got out of the dungeon alive.

Illustrated notes

Levels and vault maps discovered:
D:1:      minmay_arrival_plants_in_alcoves, layout_basic,
          basic_ecumenical_altar, st_stairs_9, amcnicky_mini_pool_small
D:2:      layout_rooms, st_stairs_7, nicolae_elevator_lobby_asterisk,
          uniq_jessica
D:3:      kennysheep_the_goblin_king, layout_loops_corners

Skill      XL: |  1  2  3  4 |
---------------+-------------+-----
Transmutations | 1 |  1.0
Fighting       | 1 2 |  2.8
Armour         | 1 |  1.5
Earth Magic    | 3 |  3.3
Conjurations   | 2 |  2.0
Dodging        | |  1.7
Stealth        | |  1.7
Spellcasting   | |  2.7

Action                   |  1- 3 |  4- 6 || total
-------------------------+-------+-------++-------
Melee: Dagger            |    96 |       ||    96
       Punch             |     3 |       ||     3
       Spear             |    37 |    29 ||    66
 Cast: Sandblast         |    27 |    10 ||    37
       Passwall          |     2 |       ||     2
 Stab: Distracted        |     1 |       ||     1
       Sleeping          |       |     2 ||     2
Armor: Robe              |    39 |       ||    39
       Leather armour    |    14 |     6 ||    20
Dodge: Dodged            |    88 |     6 ||    94
Block: Other             |       |    10 ||    10
       Reflection        |       |     1 ||     1
